 Dungeon Crawl Stone Soup version 0.30.1-11-g7821555f0a (webtiles) character file.

Game seed: 16794598241111554984

5667 Peloso the Carver (level 10, -2/89 HPs)
             Began as a Minotaur Fighter on Dec 9, 2023.
             Slain by a gnoll sergeant
             ... wielding a +3 bardiche
              (14 damage)
             ... in a bailey.
             The game lasted 00:18:31 (9576 turns).

Peloso the Carver (Minotaur Fighter)                Turns: 9576, Time: 00:18:32

Health: -2/89      AC: 16    Str: 22    XL:     10   Next: 47%
Magic:  9/9        EV:  8    Int:  5    God:
Gold:   431        SH:  6    Dex: 13    Spells: 9/9 levels left

rFire   . . .        a - +3 long sword
rCold   . . .        d - +0 buckler
rNeg    . . .        t - +0 plate armour
rPois   +            (helmet restricted)
rElec   .            u - +0 cloak
rCorr   .            (no gloves)
SInv    .            (no boots)
Will    .....        (no amulet) Stlth
                     s - ring of poison resistance
HPRegen 0.34/turn    B - ring of flight
MPRegen 0.11/turn

%: no passive effects
@: flying
A: horns 2, retaliatory headbutt
a: no special abilities


You were in a bailey.
You visited 2 branches of the dungeon, and saw 11 of its levels.
You also visited: Bailey.

You collected 431 gold pieces.

Inventory:

Hand Weapons
 a - a +3 long sword (weapon)
 b - a +0 scimitar
Missiles
 K - 2 throwing nets (quivered)
Armour
 d - a +0 buckler (worn)
 t - a +0 plate armour (worn)
 u - a +0 cloak (worn)
 x - a +0 chain mail
 A - the +0 ring mail of Vanity {rElec rPois}
   (You found it on level 5 of the Dungeon)

   rElec:     It insulates you from electricity.
   rPois:     It protects you from poison.
Jewellery
 c - an amulet of magic regeneration
 q - a ring of ice
 s - a ring of poison resistance (left hand)
 z - a ring of resist corrosion
 B - a ring of flight (right hand)
Wands
 p - a wand of flame (18)
 C - a wand of polymorph (8)
 I - a wand of roots (4)
Scrolls
 e - a scroll of amnesia
 g - 2 scrolls of poison
 i - 2 scrolls of teleportation
 n - a scroll of butterflies {unknown}
 o - a scroll of enchant armour {unknown}
 r - a scroll of magic mapping {unknown}
 w - a scroll of fear {unknown}
 y - a scroll of noise {unknown}
 E - a scroll of blinking {unknown}
 F - a scroll of fog {unknown}
Potions
 f - 4 potions of brilliance
 h - a potion of might
 k - a potion of curing
 l - 2 potions of flight
 m - a potion of berserk rage
 v - 2 potions of ambrosia
 D - a potion of mutation
 G - a potion of magic {unknown}
 H - a potion of invisibility {unknown}
 J - a potion of lignification {unknown}


   Skills:
 + Level 8.3 Fighting
 + Level 11.7 Long Blades
 + Level 10.7 Armour
 + Level 3.7 Dodging
 + Level 1.1 Stealth
 + Level 7.4 Shields


You had 9 spell levels left.
You didn't know any spells.
Your spell library contained the following spells:

 Spells                   Type           Power      Damage    Failure   Level
 Kiss of Death            Conj/Necr      0%         2d5       100%        1
 Sting                    Tmut/Pois      0%         1d3       100%        1
 Poisonous Vapours        Pois/Air       0%         N/A       100%        2
 Confusing Touch          Hex            0%         N/A       100%        3
 Dispel Undead            Necr           0%         3d6       100%        4
 Olgreb's Toxic Radiance  Pois           0%         N/A       100%        4
 Passage of Golubria      Tloc           0%         N/A       100%        4
 Silence                  Hex/Air        0%         N/A       100%        5
 Lehudib's Crystal Spear  Conj/Erth      0%         10d2      100%        8


Dungeon Overview and Level Annotations

Branches:
Dungeon (10/15)            Temple (1/1) D:6          Bailey (1/1)
   Lair: D:8-11         Orc: D:9-12

Altars:
Ashenzari
Cheibriados
Dithmenos
Gozag
Hepliaklqana
Kikubaaqudgha
Makhleb
Nemelex Xobeh
Qazlal
Ru
Sif Muna
Trog
Uskayaw
Wu Jian
Xom
Zin
The Shining One

Shops:
D:7 (


Innate Abilities, Weirdness & Mutations

You have a pair of horns on your head.
You reflexively headbutt those who attack you in melee.


Message History

The wolf bites you.
* * * LOW HITPOINT WARNING * * *
The gnoll sergeant hits you but does no damage.
Unknown command.
You hit the gnoll sergeant.
You kill the gnoll sergeant!
The wolf closely misses you. The gnoll hits you but does no damage.
The wolf bites you.
* * * LOW HITPOINT WARNING * * *
Unknown command.
You slash the wolf!
You kill the wolf!
The gnoll hits you but does no damage.
Unknown command.
The gnoll hits you but does no damage.
You see here a wolf corpse.
You closely miss the gnoll. You headbutt the gnoll.
The gnoll is moderately wounded.
The gnoll hits you with a +0 spear.
* * * LOW HITPOINT WARNING * * *
A gnoll sergeant comes into view. It is wielding a +3 bardiche.
You barely miss the gnoll.
The gnoll is lightly wounded.
The gnoll sergeant shouts!
You block the gnoll's attack.
Things that are here:
a +0 halberd; a +0 scale mail; 2 gold pieces The gnoll hits you but does no damage.
A gnoll bouda comes into view. It is wielding a +0 trident.
The gnoll hits you but does no damage.
Things that are here:
a +0 halberd; a +0 scale mail; 2 gold pieces You feel better.
The gnoll bouda shouts!
You hear a shout!
The gnoll bouda barks out a call to the hunt!
The gnolls pick up the pace!
The gnoll hits you with a +0 spear.
* * * LOW HITPOINT WARNING * * *
The gnoll sergeant hits you from afar with a +3 bardiche!
You die...

♣♣♣♣♣♣♣♣♣♣♣♣♣♣♣♣♣♣♣
♣♣≈≈≈≈≈≈≈≈≈≈≈≈≈≈≈≈≈♣♣
♣≈≈.............g.≈≈♣
♣≈......)....g.@†..≈♣
♣≈..#####g..#####).≈♣
♣≈.## #...#...##)≈♣
♣≈## +..)ggh..##≈♣
♣≈# #...#.g...#≈♣ ♣≈#
##+##....8#≈♣ ♣≈#
#g...#≈♣ ♣≈# #...#≈♣
♣≈# .g.#≈♣


You could see a gnoll sergeant (swift), a gnoll bouda and a gnoll (swift).

Vanquished Creatures
  Pikel (D:4)
  A kobold demonologist (D:10)
  A komodo dragon (D:10)
  A hornet (D:9)
  Prince Ribbit (D:7)
  A shadow (D:10)
  A steam dragon (D:6)
  An acid dragon (D:6)
  A water moccasin (D:7)
  2 orc warriors
  5 black bears
  A sky beast (D:7)
  5 wolves (Bailey)
  2 centaurs
  A lemure (D:4)
  3 phantoms
  2 kobold brigands
  A bullfrog (D:7)
  3 scorpions
  4 gnoll sergeants (Bailey)
  4 wights (D:7)
  6 hounds
  4 jellies
  5 gnoll boudas (Bailey)
  6 orc priests
  A sleepcap (D:4)
  8 orc wizards
  8 iguanas
  15 gnolls
  12 adders
  A white imp (D:6)
  2 ufetubi
  A dart slug (D:5)
  24 orcs
  12 ball pythons
  5 bats
  10 endoplasms
  2 giant cockroaches
  10 goblins
  8 hobgoblins
  3 jackals (D:1)
  3 quokkas
  10 frilled lizards
  14 kobolds
  6 rats
218 creatures vanquished.

Vanquished Creatures (others)
  An orc wizard (D:7)
1 creature vanquished.

Grand Total: 219 creatures vanquished

Notes
Turn   | Place    | Note
-------+----------+-------------------------------------------
     0 | D:1      | Peloso the Minotaur Fighter began the quest for the Orb.
     0 | D:1      | Reached XP level 1. HP: 19/19 MP: 0/0
   141 | D:1      | Reached XP level 2. HP: 27/27 MP: 1/1
   643 | D:1      | Reached XP level 3. HP: 33/33 MP: 2/2
  1261 | D:2      | Reached skill level 3 in Long Blades
  1810 | D:2      | Found a faded altar of an unknown god.
  1936 | D:3      | Reached XP level 4. HP: 40/40 MP: 3/3
  2275 | D:3      | Reached skill level 4 in Long Blades
  2275 | D:3      | Reached skill level 1 in Dodging
  2357 | D:3      | Found a shadowy altar of Dithmenos.
  2725 | D:4      | Reached XP level 5. HP: 46/46 MP: 4/4
  2734 | D:4      | Found a hazy altar of Hepliaklqana.
  2812 | D:4      | Found a sparkling altar of Nemelex Xobeh.
  2920 | D:4      | Reached skill level 5 in Long Blades
  2948 | D:4      | Reached XP level 6. HP: 24/53 MP: 5/5
  3076 | D:4      | Found a stormy altar of Qazlal.
  3205 | D:4      | Reached skill level 6 in Long Blades
  3309 | D:4      | Found a bloodstained altar of Trog.
  3424 | D:5      | Entered Level 5 of the Dungeon
  3429 | D:4      | Reached skill level 5 in Armour
  3447 | D:5      | Identified the +0 ring mail of Vanity {rElec rPois}
  3625 | D:5      | Reached XP level 7. HP: 36/60 MP: 6/6
  3938 | D:5      | Reached skill level 7 in Long Blades
  4004 | D:5      | Noticed Pikel
  4179 | D:4      | Killed Pikel
  4180 | D:4      | Reached skill level 5 in Fighting
  4180 | D:4      | Reached skill level 5 in Shields
  4180 | D:4      | Reached XP level 8. HP: 16/69 MP: 7/7
  4578 | D:6      | Reached skill level 8 in Long Blades
  4924 | D:6      | Found an ancient bone altar of Kikubaaqudgha.
  5073 | D:6      | Found a staircase to the Ecumenical Temple.
  5137 | Temple   | Entered the Ecumenical Temple
  5516 | D:6      | Reached skill level 9 in Long Blades
  5859 | D:7      | Reached XP level 9. HP: 69/75 MP: 8/8
  5875 | D:7      | Reached skill level 1 in Stealth
  6394 | D:7      | Reached skill level 10 in Long Blades
  6461 | D:7      | Noticed Prince Ribbit
  6476 | D:7      | Found Rec Vinubb's Weapon Emporium.
  6485 | D:7      | Killed Prince Ribbit
  7260 | D:8      | Noticed a two-headed ogre
  7769 | D:9      | Noticed a two-headed ogre
  7886 | D:9      | Reached skill level 11 in Long Blades
  7886 | D:9      | Reached XP level 10. HP: 88/88 MP: 9/9
  8022 | D:9      | Found a burning altar of Makhleb.
  8024 | D:9      | Found a sacrificial altar of Ru.
  8025 | D:9      | Found a glowing golden altar of the Shining One.
  8182 | D:10     | Entered Level 10 of the Dungeon
  8192 | D:10     | Found a hide-covered altar of Uskayaw.
  8314 | D:10     | Found a flagged portal.
  8329 | D:10     | Reached skill level 10 in Armour
  8375 | Bailey   | Entered a bailey
  9576 | Bailey   | Slain by a gnoll sergeant

Illustrated notes

Levels and vault maps discovered:
D:1:      kennysheep_arrival_seaside, layout_basic, nicolae_figureground_pulse
D:2:      layout_loops_ring, shapermc_ecumenical_altar_petra, minmay_lizard_king
D:3:      layout_loops_cross, marbit_many_paths
D:4:      layout_gridville, mainiacjoe_overflow_six_doors_small,
          kennysheep_mini, nicolae_qazlal_scattered_showers,
          kennysheep_little_box, grunt_ministairs_7, corexii_checkpoint_a,
          kennysheep_generic_room_3
D:5:      layout_cave_pools, uniq_pikel
D:6:      layout_loops_corners, old_standard_altar,
          minmay_temple_entry_gardened_gates
D:7:      layout_loops_ring, serial_shops, nicolae_shop_crystal,
          corexii_corridor_pit, uniq_prince_ribbit1
D:8:      layout_rooms, fountainhead
D:9:      layout_basic, nicolae_overflow_hidden_temple, david_orc_3,
          ebering_ghost_inner_flame, special_room [special_room_orc]
D:10:     layout_stronghold, mainiacjoe_overflow_paths,
          mainiacjoe_overflow_boulevard, mainiacjoe_overflow_catwalk_spiral,
          lair_entry_dummy, biasface_ghost_orc_armoury, enter_bailey_5
Temple:   hellmonk_temple_beads
Bailey:   bailey_polearm_gnolls_kennysheep, bailey

Skill      XL: |  1  2  3  4  5  6  7  8  9 10 |
---------------+-------------------------------+-----
Armour         | 4 5 6 8 9 10 | 10.7
Shields        | 4 5 6 7 |  7.4
Long Blades    | 3 4 5 6 7 9 11 | 11.7
Fighting       | 4 5 6 7 8 |  8.3
Dodging        | 1 3 |  3.7
Stealth        | 1 |  1.1

Action                     |  1- 3 |  4- 6 |  7- 9 | 10-12 || total
---------------------------+-------+-------+-------+-------++-------
  Melee: Long sword        |   115 |    23 |   156 |   199 ||   493
         Headbutt          |    14 |    15 |    78 |    59 ||   166
         Scimitar          |       |   128 |   158 |       ||   286
    Use: Scroll            |     2 |       |     5 |     3 ||    10
         Potion            |     2 |       |     1 |     4 ||     7
 Armour: Scale mail        |    47 |    56 |       |       ||   103
         Chain mail        |       |    27 |   100 |       ||   127
         Plate armour      |       |       |    70 |   149 ||   219
  Dodge: Dodged            |    64 |    56 |   120 |   119 ||   359
  Block: Buckler           |    31 |    45 |    74 |    91 ||   241
